 Dungeon Crawl Stone Soup version 0.14-a0-2400-gb2944a8 (webtiles) character file.

1298 Jenx the Basher (level 8, -5/46 HPs)
             Began as a Gargoyle Fighter on Feb 3, 2014.
             Was a Follower of Okawaru.
             Killed by divine providence
             ... invoked by an orc priest
              (14 damage)
             ... on Level 5 of the Dungeon.
             The game lasted 00:17:24 (4249 turns).

Jenx the Basher (Gargoyle Fighter)                  Turns: 4249, Time: 00:17:24

HP  -5/46        AC 19     Str 20      XL: 8   Next: 15%
MP   9/9         EV  6     Int  9      God: Okawaru [*.....]
Gold 337         SH 22     Dex 11      Spells:  0 memorised,  7 levels left

rFire  . . .     SeeInvis .     a - +0,+2 dwarf flail
rCold  . . .     Clarity  .     x - +0 orc chain mail
rNeg   + . .     Conserve .     c - +0 shield
rPois  +         rCorr    .     (no helmet)
rElec  +         rRot     +     i - +0 cloak
SustAb + .       Spirit   .     f - +1 pair of gloves
rMut   .         Warding  .     (no boots)
Saprov . . .     Stasis   .     (no amulet)
MR     +....                    p - ring of protection from magic {unknown}
                                e - ring of sustain abilities {unknown}

@: heroism, somewhat resistant to hostile enchantments, extremely unstealthy
A: life protection 1, electricity resistance, unbreathing, petrification
resistance, AC +5
a: Heroism, Renounce Religion


You were on level 5 of the Dungeon.
You worshipped Okawaru.
Okawaru was aware of your devotion.
You were not hungry.

You visited 1 branch of the dungeon, and saw 5 of its levels.
You also visited: Sewer.

You collected 337 gold pieces.

Inventory:

Hand weapons
 a - a +0,+2 dwarven flail (weapon)
 b - a +1,+1 dwarven mace of holy wrath
Missiles
 g - 8 tomahawks of returning (quivered)
 m - 4 poisoned darts
Armour
 c - a +0 shield (worn)
 f - a +1 pair of gloves (worn)
 i - a +0 cloak (worn)
 x - a +0 orcish chain mail (worn)
Comestibles
 d - 2 bread rations
 q - a rotting chunk of rat flesh
Scrolls
 h - a scroll of blinking
 o - 4 scrolls of teleportation
 t - a scroll of magic mapping
Jewellery
 e - a ring of sustain abilities (left hand) {unknown}
 l - the ring "Pyll" {-Cast rN+, unknown}
   (You found it on level 4 of the Dungeon)

   [ring of positive energy]

   It prevents spellcasting.
 p - a ring of protection from magic (right hand) {unknown}
 r - an uncursed ring of sustain abilities {unknown}
 u - a +3 ring of strength {unknown}
Potions
 j - a potion of confusion {unknown}
 n - 2 potions of porridge
 v - a potion of blood
 w - a potion of speed
 z - a potion of curing
 A - 2 potions of agility {unknown}
 B - 2 potions of flight


   Skills:
 - Level 3.2(8.2) Fighting
 * Level 9.3(14.3) Maces & Flails
 - Level 3.2(8.2) Throwing
 - Level 3.2(8.2) Armour
 - Level 3.2(8.2) Shields
 - Level 1.0 Invocations


You had 7 spell levels left.
You didn't know any spells.

Dungeon Overview and Level Annotations

Branches:
Dungeon (5/16)
 Temple: D:4-7

Altars:
Fedhas
Okawaru
Zin


Innate Abilities, Weirdness & Mutations

You are resistant to torment.
You are immune to poison.
Your stone body is very resilient (AC +5).
You resist negative energy.
You are resistant to electric shocks.
You can survive without breathing.
You are immune to petrification.


Message History

You sock the orc priest!
The orc priest is heavily wounded.
The orc wizard completely misses you.
The orc priest hits you with an orcish mace.
You hit the orc priest but do no damage.
The orc priest is heavily wounded.
The orc wizard barely misses you. The orc closely misses you.
You completely miss the orc priest.
The orc priest is heavily wounded.
The orc wizard mumbles some strange words.
The orc wizard blinks!
The orc priest mumbles some strange prayers to Beogh against you.
Something smites you!
* * * LOW HITPOINT WARNING * * *
You block the orc's attack.
You hit the orc priest.
The orc priest is almost dead.
The orc priest calls down the wrath of Beogh upon you.
Something smites you!
You die...

#.......**,,,**
#......##.,,,,*******
#......#.,,,,,,*,,,,,
#.......,,,_,,,,*****
#......#,,,,,,,*,,, ,
#......##,,,,,**,,,,,
#.......#*,,,**,,,,,,
***#o#*****,**,, ,,,, ##@##
****,,,,,,, ##### ##§)o##
*,,,, ,, ##≈..###≈....#
*,,,,,,,
#≈≈..≈##.≈#o.#******,,,,,,,
#.≈#≈≈≈#≈≈#.....>,,,,,,,,,,
#.≈#≈.≈#≈≈##......,,,,,,,,,
#.≈#≈.≈#≈≈##......,,,* ****
#.≈#≈.≈#≈≈#######*********
#.≈#≈.≈#≈.#******* *, ,,,


You could see an orc priest, an orc wizard and an orc.

Vanquished Creatures
  Grinder (D:3)
  A sky beast (D:5)
  An ogre (D:5)
  3 hounds
  A siren (Sewer)
  A scorpion (D:4)
  An orc wizard (D:5)
  2 mermaids (Sewer)
  A worker ant (D:5)
  Terence (D:2)
  14 adders
  4 giant mites
  8 grey rats (Sewer)
  7 giant geckos
  An ooze (D:3)
  7 orcs
  3 ball pythons (Sewer)
  11 bats
  9 giant cockroaches
  7 hobgoblins
  10 kobolds
  9 giant newts
  14 goblins
  3 quokkas (D:3)
  24 rats
144 creatures vanquished.

Vanquished Creatures (others)
  4 drowned souls (Sewer)
4 creatures vanquished.

Grand Total: 148 creatures vanquished

Notes
Turn   | Place    | Note
--------------------------------------------------------------
     0 | D:1      | Jenx, the Gargoyle Fighter, began the quest for the Orb.
     0 | D:1      | Reached XP level 1. HP: 14/14 MP: 1/1
   155 | D:1      | Reached XP level 2. HP: 14/19 MP: 2/2
   726 | D:2      | Noticed Terence
   748 | D:2      | Killed Terence
   748 | D:2      | Reached XP level 3. HP: 12/23 MP: 3/3
   929 | D:2      | Reached skill level 4 in Maces & Flails
   929 | D:2      | Reached skill level 1 in Throwing
  1079 | D:2      | Found an iron altar of Okawaru.
  1085 | D:2      | Became a worshipper of Warmaster Okawaru
  1192 | D:2      | Reached XP level 4. HP: 28/28 MP: 4/4
  1429 | D:2      | Found a glowing silver altar of Zin.
  1429 | D:2      | Noticed an angel
  1663 | D:3      | Noticed Grinder
  1667 | D:3      | Paralysed by Grinder for 4 turns
  1713 | D:3      | Found a blossoming altar of Fedhas.
  1724 | D:3      | Killed Grinder
  1724 | D:3      | Acquired Okawaru's first power
  1724 | D:3      | Reached skill level 6 in Maces & Flails
  1724 | D:3      | Reached XP level 5. HP: 9/32 MP: 5/5
  1724 | D:3      | Reached XP level 6. HP: 10/37 MP: 6/6
  2576 | D:4      | Reached skill level 7 in Maces & Flails
  2576 | D:4      | Reached XP level 7. HP: 38/41 MP: 8/8
  2637 | D:4      | Reached skill level 1 in Invocations
  3054 | D:4      | Got a brightly glowing golden ring
  3416 | D:5      | Entered Level 5 of the Dungeon
  3511 | D:5      | Reached skill level 8 in Maces & Flails
  3597 | D:5      | Found a glowing drain.
  3629 | Sewer    | Entered a sewer
  3934 | Sewer    | Noticed a drowned soul
  3936 | Sewer    | Noticed a drowned soul
  3938 | Sewer    | Killed a drowned soul
  3940 | Sewer    | Noticed a drowned soul
  3941 | Sewer    | Killed a drowned soul
  3942 | Sewer    | Noticed a drowned soul
  3942 | Sewer    | Killed a drowned soul
  3943 | Sewer    | Noticed a drowned soul
  3943 | Sewer    | Killed a drowned soul
  3944 | Sewer    | Noticed a drowned soul
  3945 | Sewer    | Noticed a drowned soul
  4094 | Sewer    | Reached XP level 8. HP: 39/46 MP: 9/9
  4230 | D:5      | Reached skill level 9 in Maces & Flails
  4249 | D:5      | Killed from afar by an orc priest

Action                   |  1- 3 |  4- 6 |  7- 9 || total
-------------------------+-------+-------+-------++-------
Melee: Mace              |   124 |   118 |       ||   242
       Flail             |       |    77 |   262 ||   339
Throw: Tomahawk          |    10 |    17 |     6 ||    33
Invok: Heroism           |       |       |     1 ||     1
  Use: Potion            |       |     4 |     4 ||     8
       Scroll            |       |       |    10 ||    10
